 Dungeon Crawl Stone Soup version 0.30-a0-728-gc68057be0a (webtiles) character file.

Game seed: 3569027047792836570

10882 Crownlay the Frost Mage (level 11, -2/73 (83) HPs)
             Began as a Gnoll Ice Elementalist on Jan 31, 2023.
             Was a Priest of Uskayaw.
             Killed from afar by Nergalle (28 damage)
             ... with a bolt of negative energy
             ... on level 10 of the Dungeon.
             The game lasted 00:23:04 (10176 turns).

Crownlay the Frost Mage (Gnoll Ice Elementalist)   Turns: 10176, Time: 00:23:05

HP:   -2/73 (83)    AC: 22    Str: 16    XL:     11   Next: 69%
MP:   20/23         EV: 15    Int: 25    God:    Uskayaw [***...]
Gold: 325           SH:  0    Dex: 13    Spells: 10/27 levels left

rFire   . . .      SeeInvis .    x - +4 halberd (spect)
rCold   + . .      Faith    .    (shield currently unavailable)
rNeg    . . .      Spirit   .    E - +0 robe {Will+}
rPois   .          Reflect  .    r - +4 helmet of Asidox {rC+ Str+3}
rElec   .          Harm     .    o - +0 cloak
rCorr   .          Rampage  .    a - +1 pair of gloves "Wedec" {Int+6}
Will    ++...                    e - +0 pair of boots
Stlth   ++++                     y - amulet of magic regeneration
HPRegen 0.32/turn                h - ring of willpower
MPRegen 0.58/turn                H - +6 ring of strength

@: ice-armoured, freezing walls, hasted, heavily drained, very quick
A: fangs 1, strong nose, distributed training
a: Renounce Religion, Stomp, Line Pass


You were on level 10 of the Dungeon.
You worshipped Uskayaw.
Uskayaw was noncommittal.
You visited 2 branches of the dungeon, and saw 11 of its levels.

You collected 501 gold pieces.
You spent 176 gold pieces at shops.

Inventory:

Hand Weapons
 x - a +4 spectral halberd (weapon)
 D - a +2 trident of flaming
Armour
 a - the +1 pair of gloves "Wedec" (worn) {Int+6}
   (You acquired it on level 8 of the Dungeon)

   Int:       It affects your intelligence (+6).
 e - a +0 pair of boots (worn)
 o - a +0 cloak (worn)
 r - the +4 helmet of Asidox (worn) {rC+ Str+3}
   (You acquired it on level 8 of the Dungeon)

   Str:       It affects your strength (+3).
   rC:        It protects you from cold.
 E - a +0 robe of willpower (worn)
Jewellery
 h - a ring of willpower (left hand)
 v - a ring of protection from fire
 y - an amulet of magic regeneration (around neck)
 H - a +6 ring of strength (right hand)
Wands
 m - a wand of roots (12)
 z - a wand of paralysis (4)
 A - a wand of polymorph (2)
 G - a wand of digging (6)
Scrolls
 f - a scroll of identify
 i - 2 scrolls of vulnerability
 k - 4 scrolls of teleportation
 n - 4 scrolls of amnesia
 q - a scroll of enchant armour {unknown}
 s - 2 scrolls of immolation
 t - 4 scrolls of magic mapping
 w - a scroll of fear {unknown}
 B - a scroll of noise
 F - a scroll of poison
Potions
 b - 4 potions of magic
 c - a potion of attraction
 d - 2 potions of lignification
 g - 4 potions of heal wounds
 j - 3 potions of curing
 l - 3 potions of mutation
 p - a potion of brilliance {unknown}
 u - 4 potions of haste
 C - 2 potions of cancellation


   Skills:
 + Level 6.8 Fighting
 + Level 6.8 Short Blades
 + Level 6.8 Long Blades
 + Level 6.8 Axes
 + Level 6.8 Maces & Flails
 + Level 6.8 Polearms
 + Level 6.8 Staves
 + Level 6.8 Ranged Weapons
 + Level 6.8 Throwing
 + Level 6.8 Armour
 + Level 8.3 Dodging
 + Level 8.0 Stealth
 + Level 6.8 Shields
 + Level 6.8 Unarmed Combat
 + Level 8.5 Spellcasting
 + Level 5.6 Conjurations
 + Level 5.6 Hexes
 + Level 5.6 Summonings
 + Level 5.6 Necromancy
 + Level 5.6 Translocations
 + Level 5.6 Transmutations
 + Level 5.6 Fire Magic
 + Level 9.2 Ice Magic
 + Level 5.6 Air Magic
 + Level 5.6 Earth Magic
 + Level 5.6 Poison Magic
 + Level 7.4 Invocations
 + Level 6.8 Evocations


You had 10 spell levels left.
You knew the following spells:

 Your Spells              Type           Power      Damage    Failure   Level
a - Freeze                Ice            100%       1d10      1%          1
b - Frozen Ramparts       Ice            100%       1d16      1%          3
c - Ozocubu's Armour      Ice            54%        N/A       1%          3
d - Tukima's Dance        Hex            38%        N/A       1%          3
e - Dazzling Flash        Conj/Hex       76%        N/A       1%          3
f - Summon Ice Beast      Ice/Summ       47%        N/A       2%          4

Your spell library contained the following spells:

 Spells                   Type           Power      Damage    Failure   Level
 Gell's Gravitas          Tloc           38%        N/A       1%          3
 Ignite Poison            Fire/Tmut/Pois 38%        N/A       1%          3
 Kindle Blastsparks       Fire/Tloc/Air  76%        2d16      1%          3
 Portal Projectile        Hex/Tloc       76%        N/A       1%          3
 Teleport Other           Tloc           38%        N/A       1%          3
 Ice Form                 Ice/Tmut       47%        N/A       2%          4
 Olgreb's Toxic Radiance  Pois           38%        N/A       5%          4
 Sticky Flame             Conj/Fire      38%        2d6       5%          4
 Freezing Cloud           Conj/Ice/Air   22%        6-21      10%         5
 Agony                    Necr           38%        N/A       16%         5
 Blade Hands              Tmut           19%        N/A       16%         5
 Silence                  Hex/Air        19%        N/A       16%         5
 Dispersal                Tloc           19%        N/A       65%         6
 Ozocubu's Refrigeration  Ice            27%        4d13      73%         7
 Ignition                 Fire           19%        3d7       100%        8


Dungeon Overview and Level Annotations

Branches:
Dungeon (10/15)            Temple (1/1) D:5             Orc (0/2) D:9
   Lair: D:8-11

Altars:
Ashenzari
Cheibriados
Dithmenos
Elyvilon
Fedhas
Gozag
Kikubaaqudgha
Makhleb
Okawaru
Qazlal
Ru
Sif Muna
Trog
Uskayaw
Vehumet
Wu Jian
Xom
Yredelemnul
Zin
The Shining One

Shops:
D:1 *   D:5 :   D:6 ?(

Annotations:
D:10 Nergalle


Innate Abilities, Weirdness & Mutations

You have very sharp teeth.
Your uncanny sense of smell can sniff out nearby items.
Your experience applies equally to all skills.


Message History

The spectral orc warrior closely misses you.
The spectral orc knight resists.
The wall freezes the spectral orc knight.
The spectral orc knight hits your +4 spectral halberd!
Your spectral weapon shares its damage with you!
The spectral orc warrior resists.
The wall freezes the spectral orc warrior.
The spectral orc warrior hits your +4 spectral halberd with a +0 long sword.
Your spectral weapon shares its damage with you!
Okay, then.
Okay, then.
Reach: x) +4 halberd (spect)
Press: ? - help, Dir - move target, f/p - spectral orc knight
Aim: a spectral orc knight, wearing a +0 chain mail (severely damaged, summoned, about 23% to evade your +4 spectral halberd)
You reach to attack!
You hit the spectral orc knight but do no damage.
The spectral orc knight is severely damaged.
Your +4 spectral halberd hits the spectral orc knight!!
You destroy the spectral orc knight!
The spectral orc knight disappears in a puff of smoke!
The spectral orc warrior resists.
The wall freezes the spectral orc warrior.
The spectral orc warrior barely misses you.
The wall freezes the spectral orc warrior but does no damage.
The spectral orc warrior closely misses you.
The wall freezes the spectral orc knight but does no damage.
The spectral orc knight closely misses you.
The wall freezes the spectral orc warrior but does no damage.
The spectral orc warrior resists.
The wall freezes the spectral orc warrior.
The spectral orc warrior misses your +4 spectral halberd.
Nergalle points at you and mumbles some strange words.
The bolt of negative energy hits the spectral orc warrior.
The spectral orc warrior completely resists.
The bolt of negative energy hits the spectral orc warrior.
The spectral orc warrior completely resists.
The bolt of negative energy hits your +4 spectral halberd.
Your +4 spectral halberd completely resists.
The bolt of negative energy hits you!!
You feel drained.
You die...

#.# +#.#.#+ ##..#
#..###..#..###...#
+.....###.......#
#...........##.##
#..............#
#...........####
#.....Z.....#
#..Z§ZZ.....#
#####@####### ##(#
#ZZ# ###Z#####
#.o.....#
#.......#
..#####.......#
....o.'.......#
..#####.......#


You could see Nergalle (ally target), 6 spectral orc warriors, a spectral orc
knight (summoned) and a friendly +4 spectral halberd (summoned).

Vanquished Creatures
  2 two-headed ogres
  An unseen horror (D:10)
  A kobold demonologist (D:10)
  A troll (D:10)
  Sigmund (D:3)
  2 wraiths
  19 yaks
  2 wyverns
  Eustachio (D:6)
  2 vampire mosquitoes (D:10)
  A warg (D:10)
  A water moccasin (D:7)
  A black bear (D:5)
  3 orc warriors
  A sky beast (D:7)
  An ice beast (D:7)
  A centaur (D:8)
  4 ogres
  9 kobold brigands
  Blork the orc (D:6)
  6 bullfrogs
  3 necrophages (D:5)
  A water moccasin zombie (D:5)
  2 scorpions
  8 wights
  6 killer bees
  3 howler monkeys (D:9)
  A crimson imp (D:10)
  2 hounds
  A human zombie (D:5)
  6 orc priests
  A centaur zombie (D:5)
  Crazy Yiuf (D:6)
  A jelly (D:7)
  A gnoll bouda (D:8)
  3 iguanas
  14 orc wizards
  Natasha (thrice) (D:2)
  A hound zombie (D:5)
  A mummy (D:5)
  6 gnolls
  6 adders
  3 shadow imps (D:4)
  3 white imps
  An ufetubus (D:6)
  5 dart slugs
  27 orcs
  5 ball pythons
  7 endoplasms
  3 giant cockroaches
  4 hobgoblins
  5 jackals
  4 quokkas
  3 bats
  3 frilled lizards
  4 goblins
  30 kobolds
  7 rats
246 creatures vanquished.

Vanquished Creatures (collateral kills)
  An orc knight (D:10)
  A wight (D:8)
2 creatures vanquished.

Vanquished Creatures (others)
  A dancing weapon (D:10)
  6 fungi (D:2)
  8 plants
15 creatures vanquished.

Grand Total: 263 creatures vanquished

Notes
Turn   | Place    | Note
-------+----------+-------------------------------------------
     0 | D:1      | Crownlay the Gnoll Ice Elementalist began the quest for the
                  | Orb.
     0 | D:1      | Reached XP level 1. HP: 13/13 MP: 6/6
    28 | D:1      | Found Foihe's General Store.
   142 | D:1      | Reached XP level 2. HP: 17/19 MP: 1/7
   503 | D:1      | Reached skill level 5 in Spellcasting
   503 | D:1      | Reached XP level 3. HP: 25/25 MP: 5/9
   649 | D:1      | Learned a level 3 spell: Frozen Ramparts
   654 | D:1      | Learned a level 3 spell: Ozocubu's Armour
   864 | D:1      | Bought a scroll of teleportation for 36 gold pieces
   930 | D:2      | Reached skill level 1 in Invocations
  1162 | D:2      | Noticed Natasha
  1178 | D:2      | Reached skill level 1 in Fighting
  1178 | D:2      | Reached skill level 1 in Short Blades
  1178 | D:2      | Reached skill level 1 in Long Blades
  1178 | D:2      | Reached skill level 1 in Axes
  1178 | D:2      | Reached skill level 1 in Maces & Flails
  1178 | D:2      | Reached skill level 1 in Polearms
  1178 | D:2      | Reached skill level 1 in Staves
  1178 | D:2      | Reached skill level 1 in Ranged Weapons
  1178 | D:2      | Reached skill level 1 in Throwing
  1178 | D:2      | Reached skill level 1 in Armour
  1178 | D:2      | Reached skill level 1 in Shields
  1178 | D:2      | Reached skill level 1 in Unarmed Combat
  1178 | D:2      | Reached skill level 1 in Evocations
  1178 | D:2      | Killed Natasha
  1179 | D:2      | Reached skill level 1 in Conjurations
  1179 | D:2      | Reached skill level 1 in Hexes
  1179 | D:2      | Reached skill level 1 in Summonings
  1179 | D:2      | Reached skill level 1 in Necromancy
  1179 | D:2      | Reached skill level 1 in Translocations
  1179 | D:2      | Reached skill level 1 in Transmutations
  1179 | D:2      | Reached skill level 1 in Fire Magic
  1179 | D:2      | Reached skill level 1 in Air Magic
  1179 | D:2      | Reached skill level 1 in Earth Magic
  1179 | D:2      | Reached skill level 1 in Poison Magic
  1179 | D:2      | Reached XP level 4. HP: 12/32 MP: 3/11
  1599 | D:2      | Found a faded altar of an unknown god.
  1600 | D:2      | Noticed Natasha
  1604 | D:2      | Killed Natasha
  1883 | D:2      | Noticed Natasha
  1893 | D:2      | Killed Natasha
  1894 | D:2      | Reached XP level 5. HP: 21/37 MP: 5/12
  2155 | D:3      | Noticed Sigmund
  2165 | D:3      | Killed Sigmund
  2166 | D:3      | Reached skill level 5 in Dodging
  2166 | D:3      | Reached XP level 6. HP: 34/44 MP: 8/14
  2242 | D:3      | Found a broken altar of Ashenzari.
  2242 | D:3      | Found an ancient bone altar of Kikubaaqudgha.
  2762 | D:1      | Bought a scroll of magic mapping for 90 gold pieces
  3294 | D:4      | Learned a level 3 spell: Tukima's Dance
  3351 | D:4      | Found a white marble altar of Elyvilon.
  3517 | D:4      | Reached XP level 7. HP: 46/50 MP: 15/15
  3543 | D:4      | Found a sacrificial altar of Ru.
  3884 | D:5      | Entered Level 5 of the Dungeon
  3920 | D:5      | Found a staircase to the Ecumenical Temple.
  3929 | Temple   | Entered the Ecumenical Temple
  4316 | D:5      | Found Tosoed's Tremendous Tomes.
  4381 | D:5      | Reached skill level 5 in Stealth
  4596 | D:5      | Found a glowing silver altar of Zin.
  4596 | D:5      | Found a faded altar of an unknown god.
  4604 | D:5      | Found an opulent altar of Gozag.
  4606 | D:5      | Found a shadowy altar of Dithmenos.
  4608 | D:5      | Found a faded altar of an unknown god.
  4702 | D:5      | Reached XP level 8. HP: 51/58 MP: 9/16
  5072 | D:5      | Found a basalt altar of Yredelemnul.
  5329 | D:5      | Learned a level 3 spell: Dazzling Flash
  5359 | D:6      | Found a radiant altar of Vehumet.
  5393 | D:6      | Noticed Eustachio
  5466 | D:6      | Found The Oracle's Delphic Readings.
  5473 | D:6      | Bought a scroll of noise for 10 gold pieces
  5473 | D:6      | Bought a scroll of identify for 20 gold pieces
  5473 | D:6      | Bought a scroll of identify for 20 gold pieces
  5474 | D:6      | Identified 2 scrolls of acquirement
  5583 | D:6      | Found a runed translucent door.
  5584 | D:6      | Noticed Crazy Yiuf
  5594 | D:6      | Killed Crazy Yiuf
  5595 | D:6      | Reached XP level 9. HP: 44/65 MP: 15/18
  5838 | D:6      | Noticed Blork the orc
  5846 | D:6      | Killed Blork the orc
  5902 | D:6      | Killed Eustachio
  5988 | D:6      | Reached skill level 8 in Ice Magic
  6013 | D:6      | Found Riprun's Weapon Emporium.
  6260 | D:7      | HP: 2/65 [wyvern (14)]
  6795 | D:7      | Reached skill level 5 in Invocations
  7441 | D:8      | Reached skill level 5 in Fighting
  7441 | D:8      | Reached skill level 5 in Short Blades
  7441 | D:8      | Reached skill level 5 in Long Blades
  7441 | D:8      | Reached skill level 5 in Axes
  7441 | D:8      | Reached skill level 5 in Maces & Flails
  7441 | D:8      | Reached skill level 5 in Polearms
  7441 | D:8      | Reached skill level 5 in Staves
  7441 | D:8      | Reached skill level 5 in Ranged Weapons
  7441 | D:8      | Reached skill level 5 in Throwing
  7441 | D:8      | Reached skill level 5 in Armour
  7441 | D:8      | Reached skill level 5 in Shields
  7441 | D:8      | Reached skill level 5 in Unarmed Combat
  7441 | D:8      | Reached skill level 5 in Evocations
  7441 | D:8      | Reached XP level 10. HP: 63/74 MP: 17/20
  7675 | D:8      | Acquired the +1 pair of gloves "Wedec" {Int+6}
  7692 | D:8      | Learned a level 4 spell: Summon Ice Beast
  8240 | D:8      | Found a glowing golden altar of the Shining One.
  8362 | D:8      | Acquired the +4 helmet of Asidox {rC+ Str+3}
  8518 | D:9      | Noticed a two-headed ogre
  8529 | D:9      | Killed a two-headed ogre
  8530 | D:9      | Reached skill level 5 in Conjurations
  8530 | D:9      | Reached skill level 5 in Hexes
  8530 | D:9      | Reached skill level 5 in Summonings
  8530 | D:9      | Reached skill level 5 in Necromancy
  8530 | D:9      | Reached skill level 5 in Translocations
  8530 | D:9      | Reached skill level 5 in Transmutations
  8530 | D:9      | Reached skill level 5 in Fire Magic
  8530 | D:9      | Reached skill level 5 in Air Magic
  8530 | D:9      | Reached skill level 5 in Earth Magic
  8530 | D:9      | Reached skill level 5 in Poison Magic
  8530 | D:9      | Reached XP level 11. HP: 45/81 MP: 19/22
  8727 | D:9      | Found a hide-covered altar of Uskayaw.
  8736 | D:9      | Found a staircase to the Orcish Mines.
  8742 | D:9      | Became a worshipper of Uskayaw the Reveller
  8782 | D:9      | Reached * piety under Uskayaw
  8784 | D:9      | Reached ** piety under Uskayaw
  8898 | D:9      | Reached *** piety under Uskayaw
  8899 | D:9      | Reached **** piety under Uskayaw
  9285 | D:9      | Found a snail-covered altar of Cheibriados.
  9344 | D:9      | Reached skill level 9 in Ice Magic
  9516 | D:10     | Entered Level 10 of the Dungeon
  9527 | D:10     | Reached ***** piety under Uskayaw
  9541 | D:10     | Noticed a two-headed ogre
  9554 | D:10     | Killed a two-headed ogre
  9979 | D:10     | Found a burning altar of Makhleb.
  9980 | D:10     | Found a shimmering altar of Xom.
 10015 | D:10     | Noticed an orc knight
 10033 | D:10     | Killed an orc knight
 10154 | D:10     | Noticed Nergalle
 10176 | D:10     | Killed from afar by Nergalle

Illustrated notes

Levels and vault maps discovered:
D:1:      psy_arrival_basics, layout_rooms, serial_shops, shop
D:2:      layout_basic, shapermc_ecumenical_altar_mp_urbaneastern, uniq_natasha
D:3:      layout_rooms, amethyst_overflow_temple_binary, hex_intersection,
          uniq_sigmund
D:4:      layout_basic, mainiacjoe_overflow_boulevard,
          mainiacjoe_overflow_small_starburst, serial_demonic, serial_demonic_g,
          serial_demonic_d, serial_demonic_c, serial_demonic_f
D:5:      layout_basic, lemuel_mausoleum_altar_yredelemnul,
          chequers_temple_overflow_minitemple,
          minmay_temple_entry_statues_fountains, nicolae_shop_i_like_big_books,
          skrybe_limestone_x, minmay_a_box_with_orc_wizards_in_it
D:6:      layout_rooms, vehumet_crystals, serial_shops, nicolae_lakefront_shop,
          nicolae_nh_oracle_at_delphi, uniq_eustachio, uniq_crazy_yiuf_cottage,
          uniq_blork_the_orc
D:7:      layout_loops_corners, kennysheep_generic_room_6
D:8:      layout_loops_ring, nicolae_tso_carved_into_rock
D:9:      layout_basic, chei_slow_surprise, mainiacjoe_overflow_six_doors_small,
          orc_0_dummy
D:10:     layout_roguey, grunt_temple_overflow_champion_of_chaos,
          nemelex_spade_bored_becter, lemuel_doored_altar, uniq_nergalle
Temple:   hellmonk_temple_beads

Skill      XL: |  1  2  3  4  5  6  7  8  9 10 11 |
---------------+----------------------------------+-----
Spellcasting   | 5 6 7 8 |  8.5
Invocations    | 1 2 3 4 5 6 7 |  7.4
Fighting       | 1 2 3 5 6 |  6.8
Short Blades   | 1 2 3 5 6 |  6.8
Long Blades    | 1 2 3 5 6 |  6.8
Axes           | 1 2 3 5 6 |  6.8
Maces & Flails | 1 2 3 5 6 |  6.8
Polearms       | 1 2 3 5 6 |  6.8
Staves         | 1 2 3 5 6 |  6.8
Ranged Weapons | 1 2 3 5 6 |  6.8
Throwing       | 1 2 3 5 6 |  6.8
Armour         | 1 2 3 5 6 |  6.8
Shields        | 1 2 3 5 6 |  6.8
Unarmed Combat | 1 2 3 5 6 |  6.8
Evocations     | 1 2 3 5 6 |  6.8
Conjurations   | 1 2 3 4 5 |  5.6
Hexes          | 1 2 3 4 5 |  5.6
Summonings     | 1 2 3 4 5 |  5.6
Necromancy     | 1 2 3 4 5 |  5.6
Translocations | 1 2 3 4 5 |  5.6
Transmutations | 1 2 3 4 5 |  5.6
Fire Magic     | 1 2 3 4 5 |  5.6
Air Magic      | 1 2 3 4 5 |  5.6
Earth Magic    | 1 2 3 4 5 |  5.6
Poison Magic   | 1 2 3 4 5 |  5.6
Dodging        | 5 6 7 8 |  8.3
Stealth        | 5 6 7 8 |  8.0
Ice Magic      | 8 9 |  9.2

Action                     |  1- 3 |  4- 6 |  7- 9 | 10-12 || total
---------------------------+-------+-------+-------+-------++-------
  Melee: Unarmed           |     1 |       |       |       ||     1
         Spear             |    49 |   163 |     3 |       ||   215
         Short sword       |     1 |       |       |       ||     1
         Bite              |     5 |    16 |    15 |    19 ||    55
         Punch             |       |     1 |       |       ||     1
         Halberd           |       |       |   213 |   162 ||   375
   Cast: Freeze            |    34 |       |       |       ||    34
         Frozen Ramparts   |     4 |    14 |    26 |    30 ||    74
         Ozocubu's Armour  |     1 |     9 |    22 |    24 ||    56
         Tukima's Dance    |       |       |       |     4 ||     4
         Summon Ice Beast  |       |       |       |     1 ||     1
  Evoke: Wand              |       |       |     4 |       ||     4
    Use: Scroll            |       |       |    10 |     6 ||    16
         Potion            |       |       |     2 |     1 ||     3
   Stab: Sleeping          |     5 |     6 |    14 |     4 ||    29
         Paralysed         |       |       |     2 |     6 ||     8
         Distracted        |       |       |     1 |       ||     1
 Armour: Robe              |     7 |    28 |    49 |    58 ||   142
  Dodge: Dodged            |    47 |    78 |   117 |   130 ||   372

Table legend: (Time is in decaauts)
 A = Elapsed time spent in this place.
 B = Non-inter-level travel time spent in this place.
 C = Inter-level travel time spent in this place.
 D = Time resting spent in this place.
 E = Time spent auto-exploring this place.
 F = Levels seen in this place.
 G = Mean time per level.
                   A        B        C        D        E       F      G
               +--------+--------+--------+--------+--------+-----+--------+
         Total |  10276 |   9609 |    667 |      0 |   7790 |  11 |  934.2 |
       Dungeon |  10108 |   9512 |    596 |      0 |   7701 |  10 | 1010.8 |
        Temple |    167 |     96 |     71 |      0 |     89 |   1 |  167.0 |
               +--------+--------+--------+--------+--------+-----+--------+

Top non-repeatable levels by time:
     D:5: 1324 daAuts
     D:9: 1281 daAuts
     D:7: 1206 daAuts
     D:2: 1155 daAuts
     D:8: 1146 daAuts
     D:4: 1079 daAuts
     D:1: 881 daAuts
     D:3: 770 daAuts
     D:6: 742 daAuts
    D:10: 520 daAuts
  Temple: 167 daAuts
